 Dungeon Crawl Stone Soup version 0.32-a0-22-g6ae6769602 (webtiles) character file.

Game seed: 126128277643253251

1615 senseless the Ruffian (level 8, -6/54 HPs)
             Began as a Gnoll Shapeshifter on Jan 18, 2024.
             Was an Elder of Hepliaklqana.
             Killed from afar by an electric eel (7 damage)
             ... with a bolt of electricity
             ... on level 6 of the Dungeon.
             The game lasted 00:12:01 (4721 turns).

senseless the Ruffian (Gnoll Shapeshifter)          Turns: 4721, Time: 00:12:02

Health: -6/54      AC:  3    Str: 15    XL:     8   Next: 96%
Magic:  13/13      EV: 13    Int: 10    God:    Hepliaklqana [****..]
Gold:   228        SH:  5    Dex: 12    Spells: 11/14 levels left

rFire   . .          .
                       - Unarmed
rCold   + + .        (no shield)
rNeg    . . .        y - +0 leather armour
rPois   .            (helmet currently unavailable)
rElec   .            (cloak currently unavailable)
rCorr   .            (gloves currently unavailable)
SInv    .            (boots currently unavailable)
Will    .....        f - amulet of reflection
Stlth   ++           k - ring of protection from cold
HPRegen 0.29/turn    B - ring of protection from cold
MPRegen 0.13/turn

%: reflection
@: beast-form
A: beast (slay +4), reduced essence, fangs 1, strong nose, distributed training
a: Begin Untransformation, Renounce Religion, Recall Ancestor, Ancestor
Identity, Transference, Idealise


You were on level 6 of the Dungeon.
You worshipped Hepliaklqana.
Hepliaklqana was greatly pleased with you.
You were a hulking beast.
You visited 1 branch of the dungeon, and saw 6 of its levels.
You also visited: Sewer.

You collected 228 gold pieces.

Inventory:

Missiles
 e - 8 javelins
 g - 12 poisoned darts
Armour
 a - a +0 animal skin
 u - a +0 cloak
 y - a +0 leather armour (worn)
 z - the +5 hat "Fysch" {Int+4}
   (You found it on level 5 of the Dungeon)

   Int+4:     It affects your intelligence (+4).
Jewellery
 f - an amulet of reflection (around neck)
 h - the amulet "Zitzuala" {RegenMP Int+2 Dex+2}
   (You found it on level 3 of the Dungeon)

   [amulet of magic regeneration]

   RegenMP:   It increases your rate of magic regeneration.
   Int+2:     It affects your intelligence (+2).
   Dex+2:     It affects your dexterity (+2).
 k - a ring of protection from cold (left hand)
 r - an amulet of regeneration
 B - a ring of protection from cold (right hand)
Talismans
 c - a beast talisman
 d - a flux talisman
Scrolls
 i - 2 scrolls of vulnerability
 j - 4 scrolls of fog
 n - a scroll of fear
 s - 2 scrolls of enchant weapon
 w - 2 scrolls of teleportation
 x - a scroll of amnesia
 A - a scroll of revelation
Potions
 b - 3 potions of lignification
 l - a potion of ambrosia
 m - 3 potions of attraction
 o - 2 potions of cancellation
 p - 2 potions of mutation
 q - 3 potions of enlightenment
 t - a potion of curing
 v - a potion of magic
 C - a potion of might {unknown}


   Skills:
 + Level 4.7 Fighting
 + Level 3.8 Short Blades
 + Level 3.8 Long Blades
 + Level 3.8 Axes
 + Level 3.8 Maces & Flails
 + Level 3.8 Polearms
 + Level 3.8 Staves
 + Level 3.8 Ranged Weapons
 + Level 3.8 Throwing
 + Level 3.8 Armour
 + Level 6.0 Dodging
 + Level 3.8 Stealth
 + Level 3.8 Shields
 + Level 7.7 Unarmed Combat
 + Level 3.8 Spellcasting
 + Level 3.1 Conjurations
 + Level 3.1 Hexes
 + Level 3.1 Summonings
 + Level 3.1 Necromancy
 + Level 3.1 Translocations
 + Level 3.1 Fire Magic
 + Level 3.1 Ice Magic
 + Level 3.1 Air Magic
 + Level 3.1 Earth Magic
 + Level 3.1 Alchemy
 + Level 4.2 Invocations
 + Level 3.8 Evocations
 + Level 7.5 Shapeshifting


You had 11 spell levels left.
You knew the following spells:

 Your Spells              Type           Power      Damage    Failure   Level
a - Magic Dart            Conj           32%        1d4       9%          1
b - Blink                 Tloc           16%        N/A       13%         2

Your spell library contained the following spells:

 Spells                   Type           Power      Damage    Failure   Level
 Sandblast                Erth           16%        2d6       9%          1
 Call Imp                 Summ           16%        N/A       13%         2
 Passwall                 Erth           8%         N/A       26%         3
 Stone Arrow              Conj/Erth      16%        3d8       26%         3
 Brom's Barrelling Bould  Conj/Erth      8%         2d3       65%         4
 Summon Blazeheart Golem  Fire/Summ      8%         N/A       65%         4
 Orb of Destruction       Conj           4%         9d5       100%        7
 Spellforged Servitor     Conj/Summ      4%         N/A       100%        7


Dungeon Overview and Level Annotations

Branches:
Dungeon (6/15)             Temple (0/1) D:5           Sewer (visited)

Altars:
Dithmenos
Hepliaklqana
Okawaru
Qazlal
The Shining One

Shops:
D:2 (


Innate Abilities, Weirdness & Mutations

You are a hulking beast.
Your limbs bulge with bestial killing power. (Slay +4)
Your life essence is reduced to manifest your ancestor. (-10% HP)
You have very sharp teeth.
Your uncanny sense of smell can sniff out nearby items.
Your experience applies equally to all skills.


Message History

Tertia is recalled.
Magic restored.
You swap places.
p - 2 potions of mutation (gained 1)
A black bear comes into view.
The magic dart hits the black bear.
The black bear is lightly wounded.
The black bear growls angrily.
The magic dart hits the black bear.
The black bear is lightly wounded.
The magic dart hits the black bear.
The black bear is lightly wounded.
Tertia barely misses the black bear.
You block the black bear's attack. The black bear misses you.
The black bear closely misses you.
You hit the black bear.
The black bear is moderately wounded.
Tertia hits the black bear with a +0 quarterstaff!
You punch the black bear!
You kill the black bear!
No target in view!
You now have 228 gold pieces (gained 19).
C - an emerald potion 2 electric eels come into view.
You enter the shallow water.
Moving in this stuff is going to be slow.
The electric eel shoots out a bolt of lightning at you!
The bolt of electricity hits you!
The electric eel shoots out a bolt of lightning at you!
The bolt of electricity hits you.
The electric eel shoots out a bolt of lightning at you!
The bolt of electricity hits you!
The electric eel shoots out a bolt of lightning at you!
The bolt of electricity hits you!
* * * LOW HITPOINT WARNING * * *
The electric eel shoots out a bolt of lightning at you!
The bolt of electricity hits you!
* * * LOW HITPOINT WARNING * * *
The electric eel shoots out a bolt of lightning at you!
The bolt of electricity hits you!
You die...

..##... #..........#
.###...#...... ...
.............# #....
~~~~.~~≈~≈...## ...#.
≈≈≈≈.~≈≈≈~....## ....#
~≈≈~.≈≈≈≈~.....#### ....
~≈≈≈.~~~~~.....#..####...
~~~~....h..........##....
......≈~~≈...............
~~~S~.R≈~~...............
~~~S~.~≈≈~...............
~≈≈≈~.~≈≈≈......##.......
~~~≈~.~~~~.......#.......
............###..........
##...####..## #..........
#... .## ##..##<.....


You could see the friendly Tertia the battlemage and 2 electric eels.

Vanquished Creatures
  The ghost of BigAl98 the Sneak, an amateur KoEn (D:3)
  2 black bears
  An ice beast (D:5)
  A phantom (D:5)
  A brain worm (Sewer)
  A scorpion (D:5)
  An orc priest (D:5)
  A bombardier beetle (D:5)
  3 hounds
  2 iguanas (D:5)
  A gnoll (D:3)
  9 adders
  2 river rats (Sewer)
  A dart slug (D:4)
  5 endoplasms
  4 giant cockroaches
  4 goblins
  3 hobgoblins
  3 jackals
  4 quokkas
  3 ball pythons
  6 bats
  2 frilled lizards
  11 kobolds
  6 rats
78 creatures vanquished.

Vanquished Creatures (collateral kills)
  Sigmund (D:4)
  Menkaure (D:4)
  2 ogres
  A phantom (D:4)
  A bombardier beetle (D:4)
  A hound (D:3)
  A sleepcap (D:4)
  2 river rats
  A shadow imp (D:5)
  2 dart slugs
  4 ribbon worms
  3 giant cockroaches
  2 jackals (Sewer)
  A quokka (Sewer)
  4 ball pythons
  3 bats
  2 frilled lizards (Sewer)
  A goblin (D:3)
  3 kobolds (D:3)
36 creatures vanquished.

Grand Total: 114 creatures vanquished

Notes
Turn   | Place    | Note
-------+----------+-------------------------------------------
     0 | D:1      | senseless the Gnoll Shapeshifter began the quest for the
                  | Orb.
     0 | D:1      | Reached XP level 1. HP: 17/17 MP: 1/1
    99 | D:1      | Found a faded altar of an unknown god.
   101 | D:1      | Prayed at the altar of an unknown god.
   101 | D:1      | Became a worshipper of Hepliaklqana the Forgotten
   101 | D:1      | Reached * piety under Hepliaklqana
   149 | D:1      | Reached XP level 2. HP: 20/20 MP: 2/2
   511 | D:2      | Reached XP level 3. HP: 20/25 MP: 3/3
   586 | D:2      | Reached skill level 1 in Invocations
   603 | D:2      | Reached skill level 1 in Short Blades
   603 | D:2      | Reached skill level 1 in Long Blades
   603 | D:2      | Reached skill level 1 in Axes
   603 | D:2      | Reached skill level 1 in Maces & Flails
   603 | D:2      | Reached skill level 1 in Polearms
   603 | D:2      | Reached skill level 1 in Staves
   603 | D:2      | Reached skill level 1 in Ranged Weapons
   603 | D:2      | Reached skill level 1 in Throwing
   603 | D:2      | Reached skill level 1 in Armour
   603 | D:2      | Reached skill level 1 in Stealth
   603 | D:2      | Reached skill level 1 in Shields
   603 | D:2      | Reached skill level 1 in Spellcasting
   603 | D:2      | Reached skill level 1 in Evocations
   624 | D:2      | Found Fukhlu's Antique Weapon Emporium.
   635 | D:2      | Reached XP level 4. HP: 28/30 MP: 5/5
   773 | D:2      | Reached ** piety under Hepliaklqana
   774 | D:2      | Remembered your ancestor Tertia as a battlemage
   905 | D:2      | Found a stormy altar of Qazlal.
   910 | D:2      | Reached skill level 1 in Conjurations
   910 | D:2      | Reached skill level 1 in Hexes
   910 | D:2      | Reached skill level 1 in Summonings
   910 | D:2      | Reached skill level 1 in Necromancy
   910 | D:2      | Reached skill level 1 in Translocations
   910 | D:2      | Reached skill level 1 in Fire Magic
   910 | D:2      | Reached skill level 1 in Ice Magic
   910 | D:2      | Reached skill level 1 in Air Magic
   910 | D:2      | Reached skill level 1 in Earth Magic
   910 | D:2      | Reached skill level 1 in Alchemy
  1165 | D:3      | Identified the amulet "Zitzuala" {RegenMP Int+2 Dex+2}
  1212 | D:3      | Found a glowing drain.
  1216 | Sewer    | Entered a sewer
  1264 | Sewer    | Reached XP level 5. HP: 29/36 MP: 5/7
  1872 | D:3      | Found a shadowy altar of Dithmenos.
  1901 | D:3      | Reached XP level 6. HP: 42/42 MP: 8/8
  1993 | D:3      | Reached *** piety under Hepliaklqana
  2062 | D:3      | Reached skill level 5 in Dodging
  2124 | D:3      | Found a glowing golden altar of the Shining One.
  2237 | D:3      | Found a runed translucent door.
  2293 | D:3      | Found an iron altar of Okawaru.
  2523 | D:3      | Noticed BigAl98's ghost (amateur KoEn)
  2530 | D:3      | Killed BigAl98's ghost
  2680 | D:4      | Noticed Sigmund
  2683 | D:4      | Killed Sigmund
  2684 | D:4      | Reached XP level 7. HP: 47/47 MP: 10/10
  2958 | D:4      | Noticed Menkaure
  2963 | D:4      | Killed Menkaure
  2964 | D:4      | Reached XP level 8. HP: 54/54 MP: 12/12
  2997 | D:4      | Reached **** piety under Hepliaklqana
  3456 | D:5      | Entered Level 5 of the Dungeon
  3463 | D:5      | Learned a level 1 spell: Magic Dart
  3466 | D:5      | Learned a level 2 spell: Blink
  3486 | D:5      | Found a staircase to the Ecumenical Temple.
  3891 | D:5      | Identified the +5 hat "Fysch" {Int+4}
  4721 | D:6      | HP: 1/54 [electric eel/bolt of electricity (15)]
  4721 | D:6      | Killed from afar by an electric eel

Illustrated notes

Levels and vault maps discovered:
D:1:      psy_arrival_basics, layout_rooms, serial_glass, glass_columns_c,
          glass_columns_b, glass_columns_b, glass_columns_a, glass_columns_b,
          glass_columns_a, glass_columns_b, glass_columns_a,
          chequers_ecumenical_altar_twisty
D:2:      layout_basic, basic_altar, serial_shops, shop,
          minmay_indecisive_spiral
D:3:      layout_loops_ring, tso_oasis_becter, marbit_many_paths,
          lemuel_tele_altar, ebering_ghost_reflecting_pool,
          gup_sewer_entry_bowl, cheibrodos_gnoll_hut
D:4:      layout_cave_pods, serial_forest, infiniplex_forest_straight_1,
          infiniplex_forest_straight_2, infiniplex_forest_clump_double,
          infiniplex_forest_lined_3, infiniplex_forest_straight_3,
          infiniplex_forest_end_1, infiniplex_forest_clump_diagonal,
          uniq_menkaure, uniq_sigmund
D:5:      layout_basic, minmay_temple_entry_proselytizer
D:6:      layout_cave_pools, minmay_misc_feat_columns, minivault_14

Skill      XL: |  1  2  3  4  5  6  7  8 |
---------------+-------------------------+-----
Invocations    | 1 2 3 4 |  4.2
Short Blades   | 1 2 3 |  3.8
Long Blades    | 1 2 3 |  3.8
Axes           | 1 2 3 |  3.8
Maces & Flails | 1 2 3 |  3.8
Polearms       | 1 2 3 |  3.8
Staves         | 1 2 3 |  3.8
Ranged Weapons | 1 2 3 |  3.8
Throwing       | 1 2 3 |  3.8
Armour         | 1 2 3 |  3.8
Stealth        | 1 2 3 |  3.8
Shields        | 1 2 3 |  3.8
Spellcasting   | 1 2 3 |  3.8
Evocations     | 1 2 3 |  3.8
Conjurations   | 1 2 3 |  3.1
Hexes          | 1 2 3 |  3.1
Summonings     | 1 2 3 |  3.1
Necromancy     | 1 2 3 |  3.1
Translocations | 1 2 3 |  3.1
Fire Magic     | 1 2 3 |  3.1
Ice Magic      | 1 2 3 |  3.1
Air Magic      | 1 2 3 |  3.1
Earth Magic    | 1 2 3 |  3.1
Alchemy        | 1 2 3 |  3.1
Fighting       | 3 4 |  4.7
Dodging        | 5 6 |  6.0
Unarmed Combat | 7 |  7.7
Shapeshifting  | 7 |  7.5

Action                     |  1- 3 |  4- 6 |  7- 9 || total
---------------------------+-------+-------+-------++-------
  Melee: Unarmed           |    47 |    79 |    76 ||   202
         Punch             |     2 |     2 |     2 ||     6
         Bite              |       |     7 |    13 ||    20
  Throw: Javelin           |       |     8 |     8 ||    16
   Cast: Magic Dart        |       |       |    23 ||    23
 Invoke: Ancestor Life: Ba |       |     1 |       ||     1
         Recall Ancestor   |       |       |     1 ||     1
    Use: Scroll            |       |     9 |     6 ||    15
   Stab: Sleeping          |       |     2 |     1 ||     3
 Armour: Animal skin       |    15 |    26 |     4 ||    45
         Leather armour    |       |       |    30 ||    30
  Dodge: Dodged            |    22 |    44 |    28 ||    94
  Block: Other             |     6 |    19 |    14 ||    39
         Reflection        |       |     3 |       ||     3

Table legend: (Time is in decaauts)
 A = Elapsed time spent in this place.
 B = Non-inter-level travel time spent in this place.
 C = Inter-level travel time spent in this place.
 D = Time resting spent in this place.
 E = Time spent auto-exploring this place.
 F = Levels seen in this place.
 G = Mean time per level.
                   A        B        C        D        E       F      G
               +--------+--------+--------+--------+--------+-----+--------+
         Total |   4890 |   4773 |    117 |      0 |   4052 |   7 |  698.6 |
       Dungeon |   4114 |   3997 |    117 |      0 |   3384 |   6 |  685.7 |
         Sewer |    775 |    775 |      0 |      0 |    667 |   1 |  775.0 |
               +--------+--------+--------+--------+--------+-----+--------+

Top non-repeatable levels by time:
     D:5: 1186 daAuts
     D:4: 907 daAuts
     D:3: 823 daAuts
   Sewer: 775 daAuts
     D:2: 625 daAuts
     D:1: 501 daAuts
     D:6: 71 daAuts
